 Dungeon Crawl Stone Soup version 0.24.0-13-gcf9b3192b9 (webtiles) character file.

Game seed: 12327551139264845797, levelgen mode: deterministic

3946 Arum the Skirmisher (level 10, -2/79 HPs)
             Began as a Demonspawn Gladiator on Nov 10, 2019.
             Was a Follower of Dithmenos.
             Slain by Gastronok (24 damage)
             ... on level 8 of the Dungeon.
             The game lasted 00:12:22 (7855 turns).

Arum the Skirmisher (Demonspawn Gladiator)          Turns: 7855, Time: 00:12:23

Health: -2/79      AC: 14    Str: 23    XL:     10   Next: 2%
Magic:  10/10      EV: 15    Int: 10    God:    Dithmenos [*.....]
Gold:   430        SH:  4    Dex: 17    Spells: 6/9 levels left

rFire    . . .     SeeInvis .   o - +3 falchion of Omam {protect, Str+4}
rCold    . . .     Gourm    .   (no shield)
rNeg     + . .     Faith    .   x - +0 scale mail
rPois    .         Spirit   .   c - +0 helmet
rElec    .         Reflect  .   (no cloak)
rCorr    .         Harm     .   (no gloves)
MR       .....                  (no boots)
Stlth    +++++.....             h - amulet of rage
HPRegen  0.23/turn              y - ring of positive energy
MPRegen  0.12/turn              w - +4 ring of strength

@: protection aura, wreathed by umbra
A: talons 2, large bone plates 1, nightstalker 2
a: Renounce Religion, Evoke Berserk Rage


You were on level 8 of the Dungeon.
You worshipped Dithmenos.
Dithmenos was aware of your devotion.
You were hungry.

You visited 1 branch of the dungeon, and saw 8 of its levels.

You collected 430 gold pieces.

Inventory:

Hand Weapons
 a - a +0 long sword
 o - the +3 falchion of Omam (weapon) {protect, Str+4}
   (You found it on level 6 of the Dungeon)

   It grants its wielder temporary protection when it strikes (+7 to AC).
   It affects your strength (+4).
Missiles
 d - 5 throwing nets
 l - 14 poisoned darts (quivered)
Armour
 c - a +0 helmet (worn)
 x - a +0 scale mail (worn)
Jewellery
 h - an amulet of rage (around neck)
 r - an uncursed ring of ice
 w - a +4 ring of strength (right hand)
 y - a ring of positive energy (left hand)
 E - an uncursed ring of positive energy
 H - an uncursed ring of wizardry {unknown}
Wands
 b - a wand of digging (3)
 B - a wand of enslavement (10)
Scrolls
 i - 11 scrolls of identify
 j - 2 scrolls of teleportation
 k - 2 scrolls of remove curse
 p - a scroll of fog {unknown}
 s - 2 scrolls of enchant armour {unknown}
 v - 3 scrolls of magic mapping {unknown}
 z - a scroll of immolation {unknown}
 C - 2 scrolls of amnesia {unknown}
 G - a scroll of fear {unknown}
Potions
 e - a potion of ambrosia
 m - a potion of might {unknown}
 n - 2 potions of brilliance
 q - 2 potions of agility
 t - a potion of magic {unknown}
 u - a potion of flight {unknown}
 A - a potion of degeneration {unknown}
 D - a potion of berserk rage {unknown}
 F - 2 potions of heal wounds {unknown}
Comestibles
 f - 12 rations


   Skills:
 + Level 7.6 Fighting
 + Level 7.2 Long Blades
 - Level 1.7 Throwing
 + Level 7.3 Dodging
 + Level 6.2 Stealth
 - Level 2.0 Unarmed Combat


You had 6 spell levels left.
You knew the following spells:

 Your Spells              Type           Power        Failure   Level  Hunger
a - Regeneration          Chrm/Necr      #.........   97%         3    ####...

Your spell library contained the following spells:

 Spells                   Type           Power        Failure   Level  Hunger
 Animate Skeleton         Necr           N/A          71%         1    ##.....
 Freeze                   Ice            #...         71%         1    ##.....
 Magic Dart               Conj           #...         71%         1    ##.....
 Pain                     Necr           #...         71%         1    ##.....
 Blink                    Tloc           N/A          83%         2    ###....
 Call Imp                 Summ           #.......     83%         2    ###....
 Poisonous Vapours        Pois/Air       #.....       83%         2    ###....
 Slow                     Hex            #.......     83%         2    ###....
 Throw Frost              Conj/Ice       #.....       83%         2    ###....
 Conjure Flame            Conj/Fire      #.......     97%         3    ####...
 Mephitic Cloud           Conj/Pois/Air  #.......     97%         3    ####...
 Ozocubu's Armour         Chrm/Ice       #.......     97%         3    ####...
 Vampiric Draining        Necr           #.........   97%         3    ####...
 Animate Dead             Necr           N/A          100%        4    #####..
 Summon Ice Beast         Ice/Summ       #.......     100%        4    #####..
 Throw Icicle             Conj/Ice       #.......     100%        4    #####..
 Irradiate                Conj/Tmut      #.........   100%        5    ######.
 Summon Mana Viper        Hex/Summ       #.......     100%        5    ######.
 Freezing Cloud           Conj/Ice/Air   #.........   100%        6    #######
 Iron Shot                Conj/Erth      #.........   100%        6    #######
 Ring of Flames           Chrm/Fire      #.........   100%        7    #######
 Tornado                  Air            #.........   100%        9    #######


Dungeon Overview and Level Annotations

Branches:
Dungeon (8/15)             Temple (0/1) D:7
   Lair: D:8-11

Altars:
Dithmenos
Fedhas
Nemelex Xobeh
Trog
Wu Jian
Xom
The Shining One

Shops:
D:5 (

Annotations:
D:8 Gastronok


Innate Abilities, Weirdness & Mutations

You have razor-sharp toenails.
You are partially covered in large bone plates. (SH +4)
You are significantly more attuned to the shadows.


Message History

Gastronok is severely wounded.
Gastronok's eyestalks quiver as he mumbles some strange words.
You hit Gastronok. Your kick misses Gastronok.
Gastronok is severely wounded.
You hit Gastronok but do no damage. You claw Gastronok.
Gastronok is severely wounded.
Gastronok barely misses you.
You hit Gastronok. You claw Gastronok, but do no damage.
Gastronok is severely wounded.
You slash Gastronok! You claw Gastronok, but do no damage.
Gastronok is almost dead.
Gastronok bites you!
* * * LOW HITPOINT WARNING * * *
You slash Gastronok! You claw Gastronok.
Gastronok is almost dead.
A quasit comes into view.
You completely miss Gastronok. You claw Gastronok.
Gastronok is almost dead.
Gastronok bites you!!
You die...

........... #...#..........
........... #...#...>......
..................#...#..........
..............(...#...#.รท........
.....#####.....(..###########.##.
.....#...# .......(... #.##.
.....#...# .....r(...w .....
.....#...#######w# ......
.....#...#......@# #......
.....#...#.......# .....
.....#...'.......# .....
.....#'########### .##.
######...###...#######
#..................#
+..................#
#..................#
##......##...##....#


You could see Gastronok and a rat.

Vanquished Creatures
  Pikel (D:7)
  Grinder (D:5)
  A wyvern (D:8)
  3 orc warriors
  5 ice beasts
  A slave (D:7)
  6 ogres
  A centaur (D:6)
  A big kobold (D:7)
  3 bullfrogs
  A wyvern zombie (D:8)
  A scorpion (D:8)
  4 killer bees (D:7)
  6 wights
  3 crimson imps
  A bullfrog zombie (D:6)
  A bullfrog skeleton (D:7)
  2 jellies
  5 hounds
  A centaur skeleton (D:4)
  An orc priest (D:6)
  6 worker ants
  2 iguanas
  5 orc wizards
  A hound zombie (D:7)
  Robin (D:2)
  3 worker ant zombies
  12 adders
  4 gnolls
  An ooze (D:2)
  2 adder zombies
  2 adder skeletons
  4 worms
  3 dart slugs (D:2)
  2 leopard geckos
  22 orcs
  3 giant cockroaches
  12 goblins
  10 hobgoblins
  3 quokkas
  4 bats
  4 frilled lizards
  10 kobolds
  A leopard gecko skeleton (D:3)
  A leopard gecko zombie (D:5)
  9 rats
176 creatures vanquished.

Vanquished Creatures (others)
  2 slaves (D:7)
  2 centaurs (D:8)
  An orc wizard (D:8)
  2 orcs (D:8)
  2 quokkas (D:8)
9 creatures vanquished.

Grand Total: 185 creatures vanquished

Notes
Turn   | Place    | Note
-------+----------+-------------------------------------------
     0 | D:1      | Arum the Demonspawn Gladiator began the quest for the Orb.
     0 | D:1      | Reached XP level 1. HP: 16/16 MP: 1/1
   563 | D:1      | Gained mutation: You have sharp toenails. [demonic
                  | ancestry]
   563 | D:1      | Reached XP level 2. HP: 22/22 MP: 2/2
   947 | D:2      | Reached XP level 3. HP: 24/28 MP: 3/3
  1027 | D:2      | Noticed an ogre
  1058 | D:2      | Killed an ogre
  1058 | D:2      | Reached skill level 1 in Unarmed Combat
  1058 | D:2      | Gained mutation: You are slightly more attuned to the
                  | shadows. [demonic ancestry]
  1058 | D:2      | Reached XP level 4. HP: 35/35 MP: 4/4
  1062 | D:2      | Gained mutation: You have razor-sharp toenails. [demonic
                  | ancestry]
  1062 | D:2      | Reached XP level 5. HP: 37/41 MP: 5/5
  1530 | D:2      | Noticed Robin
  1537 | D:2      | Killed Robin
  1617 | D:2      | Found a sparkling altar of Nemelex Xobeh.
  2563 | D:4      | Gained mutation: You are significantly more attuned to the
                  | shadows. [demonic ancestry]
  2563 | D:4      | Reached XP level 6. HP: 48/48 MP: 6/6
  2712 | D:4      | Found a blossoming altar of Fedhas.
  3072 | D:4      | Found a glowing golden altar of the Shining One.
  3448 | D:5      | Entered Level 5 of the Dungeon
  3463 | D:5      | Noticed Grinder
  3471 | D:5      | Paralysed by Grinder for 3 turns
  3495 | D:5      | HP: 1/48 [Grinder (2)]
  3496 | D:5      | Paralysed by Grinder for 7 turns
  3511 | D:5      | Killed Grinder
  3511 | D:5      | Reached skill level 1 in Stealth
  3511 | D:5      | Reached XP level 7. HP: 25/55 MP: 7/7
  3749 | D:5      | Found Uneibie's Weapon Emporium.
  3946 | D:5      | Reached skill level 5 in Dodging
  3986 | D:5      | Reached skill level 5 in Fighting
  3986 | D:5      | Reached skill level 5 in Long Blades
  3994 | D:5      | Reached XP level 8. HP: 39/62 MP: 8/8
  4114 | D:5      | Identified the Almanac of Creative Sinister Arts
  4231 | D:5      | Learned a level 3 spell: Regeneration
  5243 | D:6      | Found a shadowy altar of Dithmenos.
  5249 | D:6      | Became a worshipper of Dithmenos the Shadowed
  5311 | D:6      | Noticed a moth of wrath
  5314 | D:6      | Found a bloodstained altar of Trog.
  5366 | D:6      | Got a bloodstained falchion
  5367 | D:6      | Identified the +3 falchion of Omam {protect, Str+4} (You
                  | found it on level 6 of the Dungeon)
  5504 | D:6      | Found an ornate altar of the Wu Jian Council.
  5761 | D:6      | Gained mutation: You are partially covered in large bone
                  | plates. (SH +4) [demonic ancestry]
  5761 | D:6      | Reached XP level 9. HP: 12/69 MP: 9/9
  6342 | D:7      | Noticed Pikel
  6362 | D:7      | Killed Pikel
  6362 | D:7      | Reached skill level 5 in Stealth
  6792 | D:7      | Found a staircase to the Ecumenical Temple.
  6945 | D:7      | Reached * piety under Dithmenos
  7331 | D:8      | Identified Hiro Mai's Compendium of Feathery Attacks
  7338 | D:8      | Found a shimmering altar of Xom.
  7781 | D:8      | Reached XP level 10. HP: 79/79 MP: 10/10
  7823 | D:8      | Noticed Gastronok
  7855 | D:8      | Slain by Gastronok

Levels and vault maps discovered:
D:1:      dpeg_arrival_oval, layout_loops_corners
D:2:      layout_loops_cross, nicolae_overflow_hidden_temple,
          minmay_diced_spiral, uniq_robin
D:3:      layout_basic, grunt_ministairs_6
D:4:      layout_basic, nicolae_overflow_crystal_walls, hangedman_decor_points,
          fedhas_altar_fruit_tree
D:5:      layout_loops_ring, first_ration, serial_shops,
          nicolae_shop_waterfront, uniq_grinder
D:6:      layout_loops_cross, nicolae_dithmenos_the_darkroom, tgw_trog,
          lemuel_doored_altar
D:7:      layout_rooms, minmay_temple_entry_butterflies, kennysheep_potato,
          uniq_pikel
D:8:      layout_gridville, xom_confusion_cloud,
          chequers_temple_overflow_statue_of_worship, uniq_gastronok

Skill      XL: |  1  2  3  4  5  6  7  8  9 |
---------------+----------------------------+-----
Long Blades    | 3 4 5 6 7 |  7.2
Dodging        | 3 4 5 6 7 |  7.3
Fighting       | 3 4 5 6 7 |  7.6
Unarmed Combat | 1 2 |  2.0
Stealth        | 1 2 4 6 |  6.2
Throwing       | |  1.7

Action                   |  1- 3 |  4- 6 |  7- 9 | 10-12 || total
-------------------------+-------+-------+-------+-------++-------
Melee: Long sword        |    41 |   144 |   154 |       ||   339
       Kick              |     9 |    54 |   143 |    19 ||   225
       Punch             |       |     3 |     9 |       ||    12
       Falchion          |       |       |   177 |    24 ||   201
Throw: Throwing net      |     1 |     6 |       |       ||     7
       Dart              |       |     2 |    11 |     8 ||    21
Evoke: Wand              |       |     1 |       |       ||     1
  Use: Potion            |       |     3 |     5 |       ||     8
       Scroll            |       |       |     4 |       ||     4
 Stab: Held in net/web   |     1 |     1 |       |       ||     2
       Sleeping          |       |     6 |    12 |       ||    18
  Eat: Chunk             |       |     8 |    14 |       ||    22
Armor: Leather armour    |    11 |     2 |       |       ||    13
       Ring mail         |       |    22 |       |       ||    22
       Scale mail        |       |    13 |   106 |     1 ||   120
       Skin              |       |       |    19 |       ||    19
Dodge: Dodged            |    23 |    71 |   225 |     8 ||   327
Block: Other             |       |       |    17 |     3 ||    20
       Rpst.: Long sword |     7 |    25 |    26 |       ||    58
       Falchion          |       |       |    34 |     3 ||    37
